 Dungeon Crawl Stone Soup version 0.30.0-11-gf55b779eaf (webtiles) character file.

Game seed: 294332385004804269

13 RascalDebosk the Magician (level 2, 0/21 HPs)
             Began as a Djinni Fire Elementalist on May 16, 2023.
             Slain by a hobgoblin (7 damage)
             ... led by Robin
             ... on level 2 of the Dungeon.
             The game lasted 00:04:18 (985 turns).

RascalDebosk the Magician (Djinni Fire Elementalist) Turns: 985, Time: 00:04:19

Health: 0/21       AC:  2    Str:  7    XL:     2   Next: 50%
Gold:   80         EV: 12    Int: 16    God:
                   SH:  0    Dex: 13

rFire   + + .        (no weapon)
rCold   x . .        (no shield)
rNeg    . . .        a - +0 robe
rPois   ∞            (no helmet)
rElec   .            (no cloak)
rCorr   .            (no gloves)
SInv    .            (boots unavailable)
Will    .....        (no amulet)
Stlth   ++           (no ring)
HPRegen 0.23/turn    (no ring)
MPRegen 0.00/turn

%: infuse magic (-1 HP)
@: flying
A: sickness immunity, fire resistance 2, cold vulnerability 1, float, innate
caster, HP casting, extra vitality 1
a: no special abilities


You were on level 2 of the Dungeon.
You visited 1 branch of the dungeon, and saw 2 of its levels.

You collected 80 gold pieces.

Inventory:

Armour
 a - a +0 robe (worn)
Scrolls
 b - a scroll of poison {unknown}
 d - a scroll of amnesia {unknown}
 e - a scroll of identify {unknown}
 g - a scroll of teleportation {unknown}
Potions
 c - a potion of magic {unknown}
 f - 2 potions of mutation {unknown}
 h - a potion of heal wounds {unknown}
 i - a potion of degeneration {unknown}


   Skills:
 - Level 2.1 Dodging
 - Level 1.5 Stealth
 * Level 3.0 Spellcasting


You knew the following spells:

 Your Spells              Type           Power      Damage    Failure   Level
a - Foxfire               Conj/Fire      48%        2x1d6     5%          1
b - Scorch                Fire           24%        2d6       9%          2
c - Volatile Blastmotes   Fire/Tloc      24%        2d12      16%         3
d - Inner Flame           Hex/Fire       12%        N/A       16%         3
e - Flame Wave            Conj/Fire      12%        2d6       47%         4
Your spell library was empty.

Dungeon Overview and Level Annotations

Branches:
Dungeon (2/15)

Altars:

Shops:
D:1 [

Annotations:
D:2 Robin


Innate Abilities, Weirdness & Mutations

You are immune to sickness and miasma.
You are immune to poison.
Your flesh is very heat resistant. (rF++)
You are vulnerable to cold. (rC-)
You float through the air rather than walking.
You learn spells naturally, not from books.
Your magical power is your life essence.
You have superior vitality. (+4 MHP)


Message History

Confirm with . or Enter, or press ? or * to list all spells.
You conjure some foxfire!
The foxfire hits the rat.
You kill the rat!
Your foxfire dissipates!
Your foxfire dissipates! x2
A kobold comes into view. It is wielding a +0 club.
The kobold shouts!
Casting: Foxfire (safe; 6% risk of failure)
Confirm with . or Enter, or press ? or * to list all spells.
You conjure some foxfire!
Casting: Foxfire (safe; 6% risk of failure)
Confirm with . or Enter, or press ? or * to list all spells.
You conjure some foxfire!
The foxfire hits the kobold.
The kobold is severely wounded.
The foxfire hits the kobold.
You kill the kobold!
Casting: Foxfire (safe; 5% risk of failure)
Confirm with . or Enter, or press ? or * to list all spells.
You conjure some foxfire!
Your foxfire dissipates! x4
Found 3 stones.
You see here a +0 robe.
h - a gluggy blue potion You now have 80 gold pieces (gained 15).
You see here a +0 robe.
You see here a +0 whip.
Found a stone staircase leading down.
i - a puce potion You see here a +0 hand axe.
Done exploring.
Done exploring.
You see here a +0 hand axe.
There is a stone staircase leading down here.
You fly downwards.
There is a stone staircase leading up here.
A bat comes into view.
Found 18 gold pieces and a club.
The bat moves out of view. 2 hobgoblins and 5 goblins come into view.
The goblin shouts!
The hobgoblin shouts!
The hobgoblin moves out of view.
The goblin shouts!
You hear a shout! x2
Casting: Foxfire (safe; 5% risk of failure)
Confirm with . or Enter, or press ? or * to list all spells.
You conjure some foxfire!
The goblin shouts!
The hobgoblin shouts!
The goblin shouts! x2
A hobgoblin comes into view.
Robin of the Strong Arm comes into view.
They are wielding a +0 spear of venom.
Casting: Foxfire (safe; 5% risk of failure)
Confirm with . or Enter, or press ? or * to list all spells.
You conjure some foxfire!
The foxfire hits the bat.
The bat is moderately wounded.
The foxfire hits the bat.
The bat is heavily wounded.
The foxfire hits the goblin.
The goblin is severely wounded.
A goblin comes into view. It is wielding a +0 dagger.
Robin throws the goblin at you!
Casting: Foxfire (safe; 5% risk of failure)
Confirm with . or Enter, or press ? or * to list all spells.
You conjure some foxfire!
The goblin shouts!
The foxfire hits the goblin.
The goblin is heavily wounded.
The bat hits you but does no damage. Robin throws the goblin at you!
The goblin shouts!
The goblin completely misses you.
You hear a shout!
Casting: Foxfire (safe; 5% risk of failure)
Confirm with . or Enter, or press ? or * to list all spells.
You conjure some foxfire!
The foxfire hits the goblin.
You kill the goblin!
The foxfire hits the bat.
The bat is severely wounded.
The goblin hits you with a +0 club.
Robin roars a battlecry!
The goblins go into a battle-frenzy!
Casting: Foxfire (safe; 5% risk of failure)
Confirm with . or Enter, or press ? or * to list all spells.
You conjure some foxfire!
The bat closely misses you.
A goblin comes into view. It is wielding a +0 club.
The goblin misses you.
The foxfire hits the hobgoblin.
The hobgoblin is severely wounded.
A goblin comes into view. It is wielding a +0 dagger.
Casting: Foxfire (safe; 5% risk of failure)
Confirm with . or Enter, or press ? or * to list all spells.
You conjure some foxfire!
The foxfire hits the hobgoblin.
The hobgoblin is almost dead.
The foxfire hits the bat.
You kill the bat!
The goblin hits you with a +0 club.
* * * LOW HITPOINT WARNING * * *
Robin throws the goblin at you!
* * * LOW HITPOINT WARNING * * *
Your Spellcasting skill increases to level 3!
The hobgoblin barely misses you. The goblin closely misses you.
The hobgoblin attacks as you move away! The hobgoblin barely misses you.
The hobgoblin attacks as you move away! The hobgoblin hits you.
* * * LOW HITPOINT WARNING * * *
The hobgoblin attacks as you move away! The hobgoblin hits you!
You die...

...##.. #..g$.
g.g. g.# #
#######g#.###.#
#.g.g.gg.....$.
#.#####g#####..
#g# #... #@###
#.#.# #..<#
#..... #####
#). .## #..#..
#..# ..


You could see a hobgoblin (strong) and a goblin (strong).

Vanquished Creatures
  A bat (D:2)
  2 endoplasms (D:1)
  2 goblins
  A hobgoblin (D:1)
  A kobold (D:1)
  2 ball pythons (D:1)
  A frilled lizard (D:1)
  2 rats (D:1)
12 creatures vanquished.

Vanquished Creatures (others)
  36 foxfires
36 creatures vanquished.

Grand Total: 48 creatures vanquished

Notes
Turn   | Place    | Note
-------+----------+-------------------------------------------
     0 | D:1      | RascalDebosk the Djinni Fire Elementalist began the quest
                  | for the Orb.
     0 | D:1      | RascalDebosk set off with the following spells memorised:
                  | Foxfire, Scorch, Volatile Blastmotes, Inner Flame, Flame
                  | Wave.
     0 | D:1      | Reached XP level 1. HP: 15/15 MP: 0/0
   139 | D:1      | Found Nicsyuh's Antique Armour Emporium.
   277 | D:1      | Reached XP level 2. HP: 19/21 MP: 0/0
   971 | D:2      | Noticed Robin
   977 | D:2      | Reached skill level 3 in Spellcasting
   985 | D:2      | Slain by a hobgoblin

Illustrated notes

Levels and vault maps discovered:
D:1:      dpeg_arrival_erosion, layout_basic, serial_shops, shop
D:2:      layout_basic, uniq_robin, uniq_sigmund, uniq_crazy_yiuf_cottage

Skill      XL: |  1  2 |
---------------+-------+-----
Spellcasting   | 3 |  3.0
Dodging        | |  2.1
Stealth        | |  1.5

Action                     || total
---------------------------++-------
   Cast: Foxfire           ||    27
 Armour: Robe              ||     2
  Dodge: Dodged            ||     6
